AoeStats
← きしツ

Arena

508030537Analyzed
4v4 RM · 11d ago on Sep 20, 2026· 60m 52s· 8 players
Game mode
Random Map
Map size
Large (8 player)
Population
200
Speed
Normal
Resources
Standard
Victory
Conquest
Starting age
Dark Age
Ending age
Imperial Age
RankedLock teamsTeams togetherTeam positionsShared explorationLock speedFull tech treeHidden civsTurbo modeCheats
Victory
Defeat
🇨🇱 Aztecs · Chile
1215
+12
🇷🇴 Malians · Romania
1187
+13
🇲🇽 Goths · Mexico
1170
+14
🇨🇱 Teutons · Chile
1137
+15
🇨🇱 Byzantines · Chile
1175
-16
🇨🇱 Romans · Chile
1116
-13
🇨🇱 Franks · Chile
1105
-13
🇨🇱 Chinese · Chile
1091
-12
EsoTilinsito283
8:38 Loom
10:32 Feudal Age
15:09 Castle Age
14:08 Double-Bit Axe
15:24 Man-at-Arms
16:07 Long Swordsman
17:06 Scale Mail Armor
22:47 Pikeman
28:26 Wheelbarrow
28:46 Bow Saw
32:46 Imperial Age
31:38 Gold Mining
31:41 Stone Mining
32:11 Chain Mail Armor
33:48 Masonry
35:02 Chemistry
35:17 Ballistics
37:19 Halberdier
38:30 Forging
38:26 Elite Huskarl
39:07 Anarchy
39:53 Iron Casting
40:37 Architecture
40:56 Conscription
44:30 Perfusion
46:37 Squires
48:20 Two-Man Saw
47:03 Horse Collar
50:00 Blast Furnace
48:52 Fletching
55:12 Sappers
55:43 Bodkin Arrow
MCMLXX
10:30 Feudal Age
11:54 Wheelbarrow
11:08 Double-Bit Axe
11:07 Horse Collar
18:06 Castle Age
16:40 Stone Mining
16:42 Loom
17:16 Gold Mining
19:32 Bow Saw
23:22 Heavy Plow
29:52 Imperial Age
28:51 Forging
29:05 Hand Cart
29:12 Scale Mail Armor
30:40 Iron Casting
30:30 Chain Mail Armor
30:51 Squires
31:38 Conscription
31:54 Plate Mail Armor
34:01 Elite Gbeto
40:06 Fletching
40:22 Scale Barding Armor
44:08 Town Watch
44:19 Pikeman
44:45 Arson
45:25 Town Patrol
45:49 Chain Barding Armor
45:25 Bodkin Arrow
54:39 Plate Barding Armor
54:09 Farimba
54:07 Heavy Camel Rider
55:36 Bloodlines
Huntarof
9:15 Feudal Age
16:02 Castle Age
14:39 Gold Mining
14:36 Double-Bit Axe
14:36 Horse Collar
16:39 Eagle Warrior
17:30 Arson
17:57 Loom
20:40 Fervor
22:19 Sanctity
26:03 Wheelbarrow
25:24 Town Watch
28:20 Imperial Age
25:49 Stone Mining
26:20 Squires
26:24 Devotion
26:28 Scale Mail Armor
26:33 Treadmill Crane
28:28 Stone Shaft Mining
29:24 Block Printing
28:34 Elite Eagle Warrior
30:13 Chain Mail Armor
30:08 Forging
30:54 Illumination
30:58 Atonement
30:24 Capped Ram
32:36 Siege Ram
35:12 Theocracy
34:58 Redemption
35:46 Plate Mail Armor
35:51 Iron Casting
38:27 Heavy Plow
39:04 Gold Shaft Mining
38:45 Bow Saw
38:40 Herbal Medicine
41:06 Blast Furnace
47:52 Chemistry
47:12 Ballistics
46:58 Siege Engineers
46:49 Murder Holes
48:38 Garland Wars
48:42 Conscription
48:10 Pikeman
51:38 Fortified Wall
きしツ
5:58 Loom
8:45 Feudal Age
9:17 Double-Bit Axe
23:57 Castle Age
21:50 Horse Collar
23:54 Wheelbarrow
23:23 Gold Mining
24:41 Fletching
25:54 Stone Mining
29:40 Town Watch
30:51 Bow Saw
30:44 Heavy Plow
33:22 Town Patrol
34:13 Hand Cart
34:26 Scale Barding Armor
38:11 Imperial Age
36:48 Chain Barding Armor
36:44 Bloodlines
38:13 Cavalier
39:52 Crop Rotation
40:29 Two-Man Saw
40:24 Coinage
40:33 Plate Barding Armor
40:09 Forging
40:43 Paladin
42:14 Stone Shaft Mining
43:07 Chemistry
45:04 Iron Casting
47:13 Blast Furnace
52:04 Conscription
61:36 Guilds
66 | bere
9:38 Feudal Age
16:02 Castle Age
14:54 Double-Bit Axe
15:27 Horse Collar
19:42 Bow Saw
19:46 Loom
21:50 Wheelbarrow
25:17 Hand Cart
29:40 Imperial Age
27:38 Ballistas
28:56 Bloodlines
28:47 Husbandry
29:33 Fletching
30:07 Ballistics
29:44 Light Cavalry
31:33 Town Watch
31:51 Scale Mail Armor
33:12 Heavy Scorpion
36:14 Conscription
35:55 Gold Mining
40:10 Capped Ram
40:37 Pikeman
41:17 Squires
42:33 Bodkin Arrow
43:43 Chemistry
42:53 Halberdier
44:28 Siege Engineers
44:59 Siege Ram
50:46 Scale Barding Armor
50:51 Murder Holes
51:10 Forging
51:15 Chain Mail Armor
54:00 Comitatenses
54:42 Padded Archer Armor
56:46 Iron Casting
SebaPlayer
8:59 Loom
11:29 Feudal Age
18:55 Castle Age
18:29 Stone Mining
21:31 Forging
23:15 Wheelbarrow
27:55 Double-Bit Axe
32:31 Imperial Age
34:33 #83
34:39 Bow Saw
35:30 Hand Cart
35:26 Gold Mining
36:17 Iron Casting
36:06 Cavalier
38:12 Scale Mail Armor
39:16 Conscription
41:02 Chemistry
41:05 Blast Furnace
40:12 Scale Barding Armor
40:45 Paladin
43:15 Chain Barding Armor
45:17 Pikeman
47:10 Chivalry
48:35 Halberdier
49:33 Chain Mail Armor
49:54 Plate Barding Armor
66 | Spookmc
10:50 Feudal Age
11:01 Loom
15:08 Castle Age
14:21 Double-Bit Axe
14:17 Horse Collar
18:34 Fervor
26:52 Fletching
27:13 Crossbowman
28:57 Bodkin Arrow
29:26 Ballistics
29:44 Padded Archer Armor
30:41 Gold Mining
31:57 Leather Archer Armor
33:47 Bow Saw
36:29 Imperial Age
35:44 Thumb Ring
37:32 Conscription
38:51 Gold Shaft Mining
38:02 Arbalester
40:53 Chemistry
41:20 Logistica
41:55 Bracer
43:38 Scale Barding Armor
43:43 Forging
46:16 Wheelbarrow
46:29 Scale Barding Armor
46:38 Forging
50:09 Chain Barding Armor
50:59 Fortified Wall
51:53 Stone Mining
52:19 Heavy Plow
54:15 Elite Cataphract
55:50 Plate Barding Armor
58:30 Hand Cart
60:25 Two-Man Saw
59:56 Crop Rotation
S e n r i z
0:28 Loom
11:03 Feudal Age
27:05 Castle Age
31:37 Double-Bit Axe
31:38 Horse Collar
35:43 Bow Saw
36:55 Heavy Plow
37:35 Stone Mining
37:36 Gold Mining
40:04 Stone Shaft Mining
39:32 Crossbowman
41:20 Wheelbarrow
40:55 Fletching
42:01 Ballistics
43:11 Hand Cart
43:29 Thumb Ring
42:44 Crossbowman
44:13 Gold Shaft Mining
44:47 Fortified Wall
46:02 Masonry
45:47 Pikeman
46:28 Squires
46:51 Forging
Connection lost

Rejoining the realm…

Still unreachable

The connection could not be restored.

Session expired

The server has moved on; the page needs a fresh start.